 Dungeon Crawl Stone Soup version 0.27-a0-1219-g958d993ae5 (webtiles) character file.

Game seed: 4945377372294583044

2505 pokeman the Thaumaturge (level 9, -8/48 HPs)
             Began as a Deep Elf Hedge Wizard on June 6, 2021.
             Was a Follower of Vehumet.
             Mangled by a wyvern zombie (9 damage)
             ... on level 7 of the Dungeon.
             The game lasted 00:18:30 (9896 turns).

pokeman the Thaumaturge (Deep Elf Hedge Wizard)     Turns: 9896, Time: 00:18:31

Health: -8/48      AC:  3    Str:  7    XL:     9   Next: 28%
Magic:  1/26       EV: 12    Int: 23    God:    Vehumet [*.....]
Gold:   269        SH:  0    Dex: 14    Spells: 19/30 levels left

rFire    . . .     SeeInvis .   p - +1 trident (venom)
rCold    . . .     Faith    +   (no shield)
rNeg     . . .     Spirit   .   h - +0 leather armour
rPois    .         Reflect  .   c - +0 hat
rElec    .         Harm     .   (no cloak)
rCorr    .         Rampage  .   (no gloves)
Will     .....                  (no boots)
Stlth    ++........             B - amulet of faith
HPRegen  0.16/turn              (no ring)
MPRegen  0.20/turn              (no ring)

@: no status effects
A: no striking features
a: Renounce Religion


You were on level 7 of the Dungeon.
You worshipped Vehumet.
Vehumet was aware of your devotion.
You visited 2 branches of the dungeon, and saw 8 of its levels.

You collected 269 gold pieces.

Inventory:

Hand Weapons
 a - a +1 short sword of chaos
 p - a +1 trident of venom (weapon)
 q - a +0 short sword of distortion
 w - a +0 shortbow
 x - the +0 war axe of Fishraoc {speed, +Blink rElec Int+3 SInv}
   (You took it off an orc priest on level 5 of the Dungeon)

   Attacks with this weapon are significantly faster.
   It affects your intelligence (+3).
   It insulates you from electricity.
   It lets you see invisible.
   It lets you blink.
Missiles
 o - 70 arrows
 v - 25 bolts
 C - 8 atropa-tipped darts
Armour
 c - a +0 hat (worn)
 g - a +0 tower shield
 h - a +0 leather armour (worn)
Magical Staves
 d - a staff of cold
Jewellery
 b - a ring of fire
 e - a ring of fire
 B - an amulet of faith (around neck)
Wands
 y - a wand of acid (4)
Scrolls
 f - a scroll of fear {unknown}
 j - 6 scrolls of amnesia {unknown}
 k - a scroll of magic mapping {unknown}
 m - 2 scrolls of identify {unknown}
 n - a scroll of enchant armour {unknown}
 D - a scroll of brand weapon {unknown}
 E - a scroll of noise {unknown}
Potions
 i - 3 potions of lignification
 l - 3 potions of haste
 r - 5 potions of berserk rage {unknown}
 s - 4 potions of brilliance {unknown}
 t - a potion of invisibility {unknown}
 u - 2 potions of degeneration {unknown}
 z - a potion of mutation {unknown}
 A - a potion of heal wounds {unknown}


   Skills:
 - Level 2.2 Fighting
 + Level 2.3 Armour
 - Level 3.0 Dodging
 - Level 3.0 Stealth
 - Level 2.1 Shields
 * Level 11.1 Spellcasting
 + Level 6.0 Conjurations
 - Level 1.1 Summonings
 - Level 1.1 Translocations
 + Level 5.3 Fire Magic
 - Level 1.0 Air Magic
 - Level 1.0 Poison Magic
 - Level 1.2 Evocations


You had 19 spell levels left.
You knew the following spells:

 Your Spells              Type           Power      Damage    Failure   Level
a - Magic Dart            Conj           100%       1d8       1%          1
b - Mephitic Cloud        Conj/Pois/Air  25%        N/A       7%          3
c - Call Imp              Summ           17%        N/A       7%          2
d - Blink                 Tloc           N/A        N/A       7%          2
e - Conjure Flame         Conj/Fire      39%        6-21      2%          3

Your spell library contained the following spells:

 Spells                   Type           Power      Damage    Failure   Level
 Freeze                   Ice            48%        1d7       8%          1
 Beastly Appendage        Tmut           24%        N/A       8%          1
 Slow                     Hex            12%        N/A       11%         2
 Wereblood                Tmut           12%        N/A       11%         2
 Spider Form              Tmut/Pois      7%         N/A       19%         3
 Ice Form                 Ice/Tmut       12%        N/A       58%         4
 Hydra Form               Tmut           6%         N/A       90%         5


Dungeon Overview and Level Annotations

Branches:
Dungeon (7/15)             Temple (1/1) D:4

Altars:
Ashenzari
Cheibriados
Elyvilon
Fedhas
Gozag
Hepliaklqana
Kikubaaqudgha
Nemelex Xobeh
Okawaru
Ru
Sif Muna
Trog
Uskayaw
Vehumet
Xom
Yredelemnul
Zin
The Shining One


Message History

The wyvern zombie bites your shadow imp.
Your shadow imp dies!
The wyvern zombie barely misses your crimson imp.
Unknown command.
The fire ignites!
Your crimson imp barely misses the wyvern zombie.
The wyvern zombie barely misses your crimson imp.
What are your orders? t - Shout!
Orders for allies: a - Attack new target. r - Retreat! s - Stop attacking. g - Guard the area. f - Follow me.
Anything else - Cancel.
Retreat in which direction?
Press: ? - help, Dir - move target Fall back!
The wyvern zombie bites your crimson imp but does no damage.
You hit the wyvern zombie but do no damage.
The wyvern zombie is lightly damaged.
The wyvern zombie is engulfed in blazing flames.
The wyvern zombie bites you!
* * * LOW HITPOINT WARNING * * *
The wyvern zombie is engulfed in blazing flames.
The wyvern zombie bites you!
* * * LOW HITPOINT WARNING * * *
Casting: Conjure Flame (dangerous; 2% risk of failure)
Confirm with . or Enter, or press ? or * to list all spells.
You blink.
The wyvern zombie is engulfed in blazing flames.
Casting: Blink (safe; 7% risk of failure)
Confirm with . or Enter, or press ? or * to list all spells.
You blink.
The wyvern zombie bites you but does no damage.
Casting: Blink (safe; 7% risk of failure)
Confirm with . or Enter, or press ? or * to list all spells.
You blink.
Casting: Blink (safe; 7% risk of failure)
Confirm with . or Enter, or press ? or * to list all spells.
You blink.
The wyvern zombie bites you!
You die...

#.###†...###.######..#.#.# #.
#†###.#.........###..# #.
##.# ##.......>...#...#
#.##.##..####.########....###
#....>..<...#.# #...#.#
#.............# #....##
......#.###.##### #...##
......#.# #Z#...######...#
#.... #.# #.#..@.........#
##.## #.###.#.Z.######.#.# #.
#....5§.§## #.#.# #.
#####.#### #.#.## #. #.#
#...<# #.########.# #..#....#
#...J.J†..<# ##...##.#
#.########## ##.## # #. #.


You could see a wyvern zombie and a friendly crimson imp (summoned).

Vanquished Creatures
  5 slime creatures (D:7)
  Eustachio (D:6)
  A wyvern (D:7)
  A water moccasin (D:4)
  A sky beast (D:7)
  An ogre (D:5)
  A centaur (D:5)
  A kobold brigand (D:3)
  A phantom (D:4)
  A bullfrog (D:7)
  2 scorpions
  The ghost of indyram44 the Covered, a weakling DsFi of Makhleb (D:3)
  2 orc priests (D:5)
  4 hounds
  2 jellies
  Terence (D:3)
  2 orc wizards
  Natasha (thrice) (D:4)
  2 iguanas
  A hound zombie (D:5)
  A hound skeleton (D:5)
  4 adders
  2 white imps
  3 worms
  2 dart slugs (D:1)
  4 orcs
  6 ball pythons
  5 endoplasms
  2 giant cockroaches
  10 hobgoblins
  13 jackals
  4 quokkas
  5 bats
  7 frilled lizards
  4 goblins
  13 kobolds
  6 rats
125 creatures vanquished.

Vanquished Creatures (collateral kills)
  A worm (D:1)
  2 kobolds (D:3)
3 creatures vanquished.

Vanquished Creatures (others)
  A fungus (D:3)
  3 plants (D:3)
4 creatures vanquished.

Grand Total: 132 creatures vanquished

Notes
Turn   | Place    | Note
-------+----------+-------------------------------------------
     0 | D:1      | pokeman the Deep Elf Hedge Wizard began the quest for the
                  | Orb.
     0 | D:1      | Reached XP level 1. HP: 10/10 MP: 7/7
     2 | D:1      | Noticed a vampire
     2 | D:1      | Noticed a minotaur
     4 | D:1      | Noticed a draconian
     4 | D:1      | Noticed a merfolk
     6 | D:1      | Noticed a gargoyle
     8 | D:1      | Noticed a troll
     8 | D:1      | Noticed a palentonga
    10 | D:1      | Noticed a centaur
    12 | D:1      | Noticed a demonspawn
    12 | D:1      | Noticed a naga
    14 | D:1      | Noticed a formicid
    14 | D:1      | Noticed a felid
    16 | D:1      | Noticed a human
    18 | D:1      | Noticed a demigod
    18 | D:1      | Noticed a vine stalker
    20 | D:1      | Noticed an ogre
    20 | D:1      | Noticed a dwarf
    22 | D:1      | Noticed a ghoul
    22 | D:1      | Noticed a tengu
    24 | D:1      | Noticed a spriggan
    24 | D:1      | Noticed an octopode
    26 | D:1      | Noticed a barachi
    26 | D:1      | Noticed an elf
   485 | D:1      | Reached XP level 2. HP: 7/16 MP: 3/9
  1232 | D:1      | Reached skill level 5 in Spellcasting
  1342 | D:1      | Reached XP level 3. HP: 10/20 MP: 5/11
  1346 | D:1      | Learned a level 3 spell: Mephitic Cloud
  1349 | D:1      | Learned a level 2 spell: Call Imp
  1352 | D:1      | Learned a level 2 spell: Blink
  1356 | D:1      | Learned a level 3 spell: Conjure Flame
  2268 | D:2      | HP: 1/20 [worm (9)]
  2689 | D:2      | Reached skill level 1 in Armour
  2745 | D:2      | Reached skill level 1 in Fighting
  3661 | D:3      | Reached XP level 4. HP: 24/25 MP: 6/13
  3923 | D:3      | Noticed Terence
  3941 | D:3      | Killed Terence
  4173 | D:3      | Found a glowing golden altar of the Shining One.
  4173 | D:3      | Found a hide-covered altar of Uskayaw.
  4174 | D:3      | Found a white marble altar of Elyvilon.
  4215 | D:3      | Found a sacrificial altar of Ru.
  4216 | D:3      | Found a glowing silver altar of Zin.
  4364 | D:3      | Found a runed translucent gate.
  4365 | D:3      | Found a runed translucent gate.
  4366 | D:3      | Found a runed translucent gate.
  4366 | D:3      | Noticed a kobold brigand
  4368 | D:3      | Noticed indyram44's ghost (weakling DsFi)
  5196 | D:3      | Killed a kobold brigand
  5197 | D:3      | Reached skill level 6 in Spellcasting
  5197 | D:3      | Reached skill level 1 in Fire Magic
  5197 | D:3      | Reached XP level 5. HP: 16/29 MP: 11/15
  5714 | D:3      | Killed indyram44's ghost
  6043 | D:4      | Reached XP level 6. HP: 34/34 MP: 11/17
  6090 | D:4      | Noticed Natasha
  6102 | D:4      | Killed Natasha
  6103 | D:4      | Reached skill level 1 in Poison Magic
  6125 | D:4      | Noticed Natasha
  6131 | D:4      | Killed Natasha
  6132 | D:4      | Reached skill level 1 in Air Magic
  6150 | D:4      | Noticed Natasha
  6157 | D:4      | Killed Natasha
  6166 | D:4      | Reached skill level 7 in Spellcasting
  6794 | D:4      | Reached XP level 7. HP: 20/39 MP: 8/20
  6965 | D:4      | HP: 2/60 [poisoned by a water moccasin]
  7276 | D:4      | Found a staircase to the Ecumenical Temple.
  7282 | Temple   | Entered the Ecumenical Temple
  7287 | Temple   | Became a worshipper of Vehumet
  7836 | D:5      | Entered Level 5 of the Dungeon
  7874 | D:5      | Reached skill level 8 in Spellcasting
  8129 | D:5      | Identified the +0 war axe of Fishraoc {speed, +Blink rElec
                  | Int+3 SInv}
  8453 | D:5      | Reached skill level 1 in Shields
  8797 | D:5      | Reached XP level 8. HP: 44/44 MP: 17/22
  8863 | D:6      | Found a sparkling altar of Nemelex Xobeh.
  8865 | D:6      | Found a shimmering blue altar of Sif Muna.
  8932 | D:6      | Reached skill level 9 in Spellcasting
  9006 | D:6      | Noticed Eustachio
  9016 | D:6      | Killed Eustachio
  9017 | D:6      | Reached skill level 1 in Evocations
  9542 | D:7      | Reached skill level 5 in Conjurations
  9695 | D:7      | Reached skill level 10 in Spellcasting
  9714 | D:7      | Noticed a slime creature
  9714 | D:7      | Noticed a slime creature
  9714 | D:7      | Noticed a slime creature
  9714 | D:7      | Noticed a slime creature
  9714 | D:7      | Noticed a slime creature
  9790 | D:7      | Killed a slime creature
  9876 | D:7      | Killed a slime creature
  9876 | D:7      | Reached * piety under Vehumet
  9876 | D:7      | Offered knowledge of Freeze by Vehumet.
  9877 | D:7      | Reached XP level 9. HP: 28/48 MP: 14/25
  9879 | D:7      | Reached skill level 5 in Fire Magic
  9882 | D:7      | Reached skill level 11 in Spellcasting
  9891 | D:7      | HP: 1/48 [wyvern zombie (13)]
  9896 | D:7      | Mangled by a wyvern zombie

Illustrated notes

Levels and vault maps discovered:
D:1:      kb_arrival_jail, layout_basic
D:2:      layout_basic
D:3:      layout_basic, grunt_temple_overflow_open,
          gammafunk_ghost_nasty_kobolds, uniq_terence
D:4:      layout_layer_cave, minmay_temple_entry_enclosed_plants, uniq_natasha
D:5:      layout_loops_ring
D:6:      cheibrodos_helix_gallery, layout_basic,
          chequers_temple_overflow_statue_of_worship, uniq_eustachio
D:7:      layout_loops_ring, nicolae_dithmenos_shadow_blocks
Temple:   minmay_freezing_vapour_temple

Skill      XL: |  1  2  3  4  5  6  7  8  9 |
---------------+----------------------------+-----
Spellcasting   | 5 6 7 8 10 11 | 11.1
Armour         | 1 2 |  2.3
Fighting       | 1 2 |  2.2
Conjurations   | 2 3 4 5 6 |  6.0
Dodging        | 3 |  3.0
Stealth        | 3 |  3.0
Fire Magic     | 1 2 3 4 5 |  5.3
Poison Magic   | 1 |  1.0
Air Magic      | 1 |  1.0
Shields        | 1 2 |  2.1
Evocations     | 1 |  1.2
Summonings     | |  1.1
Translocations | |  1.1

Action                   |  1- 3 |  4- 6 |  7- 9 || total
-------------------------+-------+-------+-------++-------
Melee: Dagger            |    37 |     1 |       ||    38
       Trident           |       |    47 |    50 ||    97
 Cast: Magic Dart        |   150 |    90 |    61 ||   301
       Call Imp          |     3 |     9 |     6 ||    18
       Conjure Flame     |       |     4 |    14 ||    18
       Mephitic Cloud    |       |     6 |    11 ||    17
       Blink             |       |     1 |     6 ||     7
  Use: Potion            |       |       |     3 ||     3
 Stab: Confused          |       |     3 |     8 ||    11
       Distracted        |       |     1 |       ||     1
       Sleeping          |       |     1 |       ||     1
Armor: Leather armour    |    21 |     4 |     8 ||    33
       Robe              |     3 |       |       ||     3
Dodge: Dodged            |    49 |    35 |    31 ||   115

Table legend: (Time is in decaauts)
 A = Elapsed time spent in this place.
 B = Non-inter-level travel time spent in this place.
 C = Inter-level travel time spent in this place.
 D = Time resting spent in this place.
 E = Time spent auto-exploring this place.
 F = Levels seen in this place.
 G = Mean time per level.
                   A        B        C        D        E       F      G
               +--------+--------+--------+--------+--------+-----+--------+
         Total |   9929 |   9600 |    329 |    933 |   7182 |   8 | 1241.1 |
       Dungeon |   9918 |   9589 |    329 |    933 |   7182 |   7 | 1416.9 |
        Temple |     10 |     10 |      0 |      0 |      0 |   1 |   10.0 |
               +--------+--------+--------+--------+--------+-----+--------+

Top non-repeatable levels by time:
     D:1: 2332 daAuts
     D:3: 2320 daAuts
     D:4: 1912 daAuts
     D:2: 1277 daAuts
     D:5: 1025 daAuts
     D:6: 713 daAuts
     D:7: 337 daAuts
  Temple: 10 daAuts
